 Dungeon Crawl Stone Soup version 0.26-a0-649-gf8c6c3aab7 (webtiles) character file.

Game seed: 2987637939105195515

48324 mukkel the Warrior (level 14, -20/108 HPs)
             Began as a Gargoyle Fighter on Sept 27, 2020.
             Was a High Priest of the Shining One.
             Demolished by a dire elephant (23 damage)
             ... on level 6 of the Lair of Beasts.
             The game lasted 00:57:03 (20449 turns).

mukkel the Warrior (Gargoyle Fighter)              Turns: 20449, Time: 00:57:04

Health: -20/108    AC: 28    Str: 31    XL:     14   Next: 45%
Magic:  20/20      EV:  5    Int: 15    God:    the Shining One [*****.]
Gold:   1257       SH: 11    Dex: 18    Spells: 13/13 levels left

rFire    . . .     SeeInvis .   v - +10 flail of Amiwenob {flame, Int+4 Dex+3 Stlth+}
rCold    . . .     Faith    .   c - +0 kite shield
rNeg     + + +     Spirit   .   M - +0 plate armour
rPois    ∞         Reflect  .   x - +1 helmet of Fun and Games {rPois rCorr Dex+6}
rElec    +         Harm     .   (no cloak)
rCorr    +         Rampage  .   p - +0 pair of gloves
MR       ++...                  L - +2 pair of boots of the Solstice {Int+2}
Stlth    ..........             (no amulet)
HPRegen  0.28/turn              j - +6 ring of strength
MPRegen  0.17/turn              I - ring of protection from magic

@: mighty, about to teleport, glowing
A: big wings, negative energy resistance 1, electricity resistance, unbreathing,
petrification resistance, rot immunity, AC +10
a: Fly, Divine Shield, Cleansing Flame, Summon Divine Warrior, Renounce Religion


You were on level 6 of the Lair of Beasts.
You worshipped the Shining One.
The Shining One was extremely pleased with you.
You visited 5 branches of the dungeon, and saw 20 of its levels.
You also visited: Volcano.

You collected 1865 gold pieces.
You spent 608 gold pieces at shops.

Inventory:

Hand Weapons
 u - the +5 flail of Conformity {protect, +Rage rElec Stlth+}
   (You found it on level 6 of the Dungeon)

   It grants its wielder temporary protection when it strikes (+7 to AC).
   It insulates you from electricity.
   It lets you go berserk.
   It makes you more stealthy.
 v - the +10 flail of Amiwenob (weapon) {flame, Int+4 Dex+3 Stlth+}
   (You found it on level 6 of the Dungeon)

   It has been specially enchanted to burn those struck by it, causing extra
   injury to most foes and up to half again as much damage against particularly
   susceptible opponents.
   It affects your intelligence (+4).
   It affects your dexterity (+3).
   It makes you more stealthy.
 E - a +2 battleaxe
Armour
 c - a +0 kite shield (worn)
 p - a +0 pair of gloves (worn)
 x - the +1 helmet of Fun and Games (worn) {rPois rCorr Dex+6}
   (You bought it in a shop on level 2 of the Orcish Mines)

   It affects your dexterity (+6).
   It protects you from poison.
   It provides partial protection from all sources of acid and corrosion.
 y - +0 steam dragon scales
 L - the +2 pair of boots of the Solstice (worn) {Int+2}
   (You bought it in a shop on level 2 of the Orcish Mines)

   It affects your intelligence (+2).
 M - a +0 plate armour (worn)
Jewellery
 j - a +6 ring of strength (left hand)
 B - a +6 ring of intelligence
 I - a ring of protection from magic (right hand)
 J - an uncursed ring of magical power
 K - an uncursed ring of ice
Wands
 e - a wand of polymorph (7)
 k - a wand of iceblast (10)
 r - a wand of enslavement (26)
 C - a wand of paralysis (32)
 G - a wand of flame (21)
Scrolls
 h - 8 scrolls of remove curse
 i - 2 scrolls of teleportation
 l - 2 scrolls of fear
 o - 2 scrolls of enchant weapon
 s - 2 scrolls of magic mapping
 w - a scroll of fog
 z - a scroll of amnesia
 D - 5 scrolls of identify
 H - a scroll of brand weapon
 O - a scroll of holy word {unknown}
 P - a scroll of vulnerability {unknown}
Potions
 a - a potion of flight
 b - 2 potions of lignification
 d - a potion of might
 f - 2 potions of mutation
 g - 7 potions of curing
 m - a potion of ambrosia
 n - 2 potions of brilliance
 t - a potion of haste
 A - a potion of cancellation
 F - 2 potions of resistance
 N - a potion of berserk rage {unknown}


   Skills:
 * Level 20.0 Fighting
 * Level 11.1 Axes
 - Level 3.2 Armour
 - Level 3.2 Shields
 * Level 8.0 Invocations
 - Level 4.6 Evocations


You had 13 spell levels left.
You didn't know any spells.
Your spell library contained the following spells:

 Spells                   Type           Power        Failure   Level
 Animate Skeleton         Necr           #.....       100%        1
 Apportation              Tloc           #.....       100%        1
 Corona                   Hex            #......      100%        1
 Magic Dart               Conj           #...         100%        1
 Pain                     Necr           #...         100%        1
 Shock                    Conj/Air       #...         100%        1
 Summon Small Mammal      Summ           #...         100%        1
 Blink                    Tloc           N/A          100%        2
 Call Imp                 Summ           #.......     100%        2
 Ensorcelled Hibernation  Hex/Ice        #.....       100%        2
 Slow                     Hex            #.......     100%        2
 Swiftness                Air            #.......     100%        2
 Confusing Touch          Hex            #.......     100%        3
 Conjure Flame            Conj/Fire      #.......     100%        3
 Dazzling Flash           Conj/Hex       #.....       100%        3
 Gell's Gravitas          Tloc           #.........   100%        3
 Mephitic Cloud           Conj/Pois/Air  #.......     100%        3
 Static Discharge         Conj/Air       #.......     100%        3
 Tukima's Dance           Hex            #.......     100%        3
 Vampiric Draining        Necr           #.........   100%        3
 Airstrike                Air            #.........   100%        4
 Animate Dead             Necr           #.........   100%        4
 Petrify                  Tmut/Erth      #.......     100%        4
 Agony                    Necr           #.......     100%        5
 Lightning Bolt           Conj/Air       #.........   100%        5
 Metabolic Englaciation   Hex/Ice        #.........   100%        5
 Yara's Violent Unravell  Hex/Tmut       #.........   100%        5


Dungeon Overview and Level Annotations

Branches:
Dungeon (11/15)            Temple (1/1) D:7            Lair (6/6) D:10
  Snake (0/4) Lair:3        Slime (0/5) Lair:6          Orc (2/2) D:9
    Elf (1/3) Orc:2       Volcano (visited)
  Swamp: Lair:2-4    Shoals: Lair:2-4

Altars:
Ashenzari
Elyvilon
Fedhas
Gozag
Hepliaklqana
Kikubaaqudgha
Nemelex Xobeh
Okawaru
Qazlal
Ru
Trog
Vehumet
Wu Jian
The Shining One
Beogh
Jiyva

Shops:
D:11 [   Orc:2 [([[


Innate Abilities, Weirdness & Mutations

You are resistant to torment.
Your stone body is resilient. (AC +10)
You are immune to poison.
Your large and strong wings let you fly indefinitely.
You resist negative energy. (rN+)
You are resistant to electric shocks. (rElec)
You can survive without breathing.
You are immune to petrification.
You are immune to rotting.


Message History

The dire elephant tramples you but does no damage.
The dire elephant trunk-slaps you but does no damage.
Okay, then.
You completely miss the dire elephant.
The dire elephant is lightly wounded.
The dire elephant tramples you but does no damage.
The dire elephant completely misses you.
The dire elephant tramples you but does no damage.
The dire elephant barely misses you. The dire elephant tramples you!
* * * LOW HITPOINT WARNING * * *
You hold your ground!
The dire elephant trunk-slaps you but does no damage.
You block the dire elephant's attack. The dire elephant barely misses you.
Unknown command.
You bludgeon the dire elephant!! You burn the dire elephant!
The dire elephant is heavily wounded.
The dire elephant barely misses you.
The dire elephant trunk-slaps you but does no damage.
The dire elephant tramples you!!
You die...

##### ####.#.## ###.......##
#..........♣ #..#....##♣8 ######
#### #########''##'### ♣
##...###!...##≈≈@##8....#8.8#
'.....#|(...'≈≈YYY'.....#...#
#.....#)(...'≈≈≈≈.#8.####.#.#
#.....##(...#≈≈≈≈.####....#+#
#....(#######.≈≈≈≈#....####
###..###8.8###.≈###.####
..#####8.⌠.8#####...##♣♣♣#
#.(...............###....♣##
########'''########♣..^....♣#####


You could see 3 dire elephants.

Vanquished Creatures
  Fannar (D:11)
  Harold (Lair:1)
  Erica (D:11)
  7 two-headed ogres
  An anaconda (Lair:6)
  A dancing weapon (Elf:1)
  An ogre mage (Orc:1)
  3 orc high priests (Orc:2)
  Urug (D:11)
  A sun demon (Volcano)
  A hell knight (Volcano)
  A deep elf archer (Elf:1)
  3 orc knights (Orc:2)
  6 orc sorcerers (Orc:2)
  A deep elf mage (Elf:1)
  2 ugly things (Volcano)
  A manticore (D:11)
  An oklob plant (Lair:6)
  A centaur zombie (D:10)
  8 elephants (Lair:6)
  A molten gargoyle (Volcano)
  A black mamba (Lair:6)
  6 cane toads
  2 gargoyles
  Maggie (D:6)
  A rime drake (Lair:6)
  6 komodo dragons
  4 trolls
  A polar bear (Lair:5)
  17 blink frogs
  5 dream sheep (Lair:6)
  A shadow (D:11)
  7 hippogriffs
  2 wyverns
  21 yaks
  2 fire bats (Volcano)
  5 wargs
  15 water moccasins
  5 porcupines
  2 hell hounds (Volcano)
  21 orc warriors
  5 ice beasts
  2 sky beasts
  2 black bears (D:7)
  2 phantoms
  8 wolves
  2 necrophages (D:7)
  8 ogres
  11 centaurs
  7 crocodiles
  8 bullfrogs
  A wyvern skeleton (D:11)
  A scorpion (D:11)
  A water moccasin skeleton (D:9)
  3 killer bees (D:7)
  19 wights
  3 howler monkeys
  An electric eel (D:9)
  4 lava snakes (Volcano)
  12 orc priests
  3 bullfrog zombies
  A jelly (D:8)
  2 hounds
  3 bullfrog skeletons
  3 iguanas
  2 hell rats (Lair:6)
  18 orc wizards
  Natasha (twice) (D:2)
  5 worker ants
  2 hound zombies
  2 hound skeletons
  A worker ant zombie (D:5)
  25 adders
  4 gnolls (D:10)
  A howler monkey skeleton (D:4)
  6 river rats (Lair:6)
  3 shadow imps
  A white imp (D:7)
  4 oozes
  4 ufetubi
  3 worms
  3 dart slugs (D:1)
  13 leopard geckos
  63 orcs
  A ball python (D:5)
  5 giant cockroaches
  10 goblins
  8 hobgoblins
  8 jackals
  4 quokkas
  14 bats
  2 frilled lizards
  A giant cockroach zombie (D:5)
  10 kobolds
  A leopard gecko zombie (D:7)
  18 rats
525 creatures vanquished.

Vanquished Creatures (others)
  17 fungi
  26 plants
43 creatures vanquished.

Grand Total: 568 creatures vanquished

Notes
Turn   | Place    | Note
-------+----------+-------------------------------------------
     0 | D:1      | mukkel the Gargoyle Fighter began the quest for the Orb.
     0 | D:1      | Reached XP level 1. HP: 14/14 MP: 1/1
    49 | D:1      | Reached XP level 2. HP: 20/20 MP: 2/2
    75 | D:1      | Reached skill level 4 in Fighting
   413 | D:1      | Reached XP level 3. HP: 24/24 MP: 3/3
  1044 | D:2      | Reached XP level 4. HP: 27/30 MP: 4/4
  1207 | D:2      | Noticed Natasha
  1210 | D:2      | Killed Natasha
  1314 | D:2      | Noticed Natasha
  1321 | D:2      | Killed Natasha
  1321 | D:2      | Reached XP level 5. HP: 30/34 MP: 5/5
  1612 | D:3      | Reached skill level 5 in Fighting
  2146 | D:3      | Reached XP level 6. HP: 40/40 MP: 6/6
  2715 | D:4      | Reached skill level 6 in Fighting
  2715 | D:4      | Reached skill level 5 in Axes
  2715 | D:4      | Reached XP level 7. HP: 37/46 MP: 7/7
  3231 | D:5      | Entered Level 5 of the Dungeon
  3341 | D:5      | Found a blossoming altar of Fedhas.
  3548 | D:5      | Found a sparkling altar of Nemelex Xobeh.
  3674 | D:5      | Reached skill level 7 in Fighting
  3674 | D:5      | Reached XP level 8. HP: 53/53 MP: 8/8
  4146 | D:6      | Got a crude flail
  4228 | D:6      | Got a shimmering flail
  4342 | D:6      | Identified the +10 flail of Amiwenob {flame, Int+4 Dex+3
                  | Stlth+} (You found it on level 6 of the Dungeon)
  4344 | D:6      | Identified the +5 flail of Conformity {protect, +Rage rElec
                  | Stlth+} (You found it on level 6 of the Dungeon)
  4448 | D:6      | Reached skill level 8 in Fighting
  4558 | D:6      | Noticed Maggie
  4580 | D:6      | Killed Maggie
  4580 | D:6      | Reached XP level 9. HP: 52/60 MP: 9/9
  4861 | D:7      | Found a staircase to the Ecumenical Temple.
  4891 | Temple   | Entered the Ecumenical Temple
  4906 | Temple   | Became a worshipper of the Shining One
  4964 | D:7      | Reached skill level 9 in Fighting
  5124 | D:7      | Reached skill level 1 in Invocations
  5590 | D:7      | Reached * piety under the Shining One
  5651 | D:7      | Reached skill level 10 in Fighting
  5790 | D:7      | Reached XP level 10. HP: 68/68 MP: 10/12
  6427 | D:8      | Reached ** piety under the Shining One
  6747 | D:9      | Reached skill level 11 in Fighting
  6937 | D:9      | Found a staircase to the Orcish Mines.
  7105 | D:9      | Reached skill level 10 in Axes
  7738 | D:10     | Entered Level 10 of the Dungeon
  7771 | D:10     | Found a staircase to the Lair.
  7779 | D:10     | Reached skill level 12 in Fighting
  8042 | D:10     | Noticed a gargoyle
  8050 | D:10     | Killed a gargoyle
  8050 | D:10     | Reached XP level 11. HP: 66/76 MP: 14/14
  8076 | D:10     | Got an ancient leather armour
  8087 | D:10     | Identified the +1 leather armour of Compression {*Drain
                  | +Blink rF+ Dex+4} (You found it on level 10 of the Dungeon)
  8221 | D:10     | Reached *** piety under the Shining One
  8485 | D:10     | Noticed a two-headed ogre
  8495 | D:10     | Killed a two-headed ogre
  8495 | D:10     | Reached skill level 13 in Fighting
  8934 | D:11     | Noticed Urug
  8937 | D:11     | Reached skill level 5 in Invocations
  9190 | D:11     | Noticed a manticore
  9346 | D:11     | Reached **** piety under the Shining One
  9506 | D:11     | Found Hecla's Antique Armour Shoppe.
  9541 | D:11     | Noticed Erica
  9550 | D:11     | Killed Erica
  9550 | D:11     | Reached skill level 14 in Fighting
  9567 | D:11     | Killed Urug
  9567 | D:11     | Reached skill level 1 in Evocations
 10019 | D:11     | Noticed Fannar
 10028 | D:11     | Killed Fannar
 10110 | D:11     | Killed a manticore
 10271 | Lair:1   | Entered Level 1 of the Lair of Beasts
 10298 | Lair:1   | Reached skill level 15 in Fighting
 10298 | Lair:1   | Reached XP level 12. HP: 73/87 MP: 16/16
 10411 | Lair:1   | Found a dark tunnel.
 10417 | Volcano  | Entered a volcano
 10968 | Volcano  | Found a burning altar of Makhleb.
 10968 | Volcano  | Noticed a sun demon
 10983 | Volcano  | Killed a sun demon
 11693 | Lair:1   | Reached skill level 16 in Fighting
 12527 | Lair:1   | Noticed Harold
 12542 | Lair:1   | Killed Harold
 13002 | Orc:1    | Entered Level 1 of the Orcish Mines
 13004 | Orc:1    | Noticed a two-headed ogre
 13004 | Orc:1    | Noticed a two-headed ogre
 13024 | D:9      | Killed a two-headed ogre
 13262 | Orc:1    | Killed a two-headed ogre
 13274 | Orc:1    | Noticed an ogre mage
 13276 | Orc:1    | Noticed a two-headed ogre
 13332 | Orc:1    | Noticed a two-headed ogre
 13332 | Orc:1    | Noticed a two-headed ogre
 13338 | D:9      | Killed a two-headed ogre
 13338 | D:9      | Reached skill level 17 in Fighting
 13508 | D:9      | Killed a two-headed ogre
 13511 | D:9      | Killed a two-headed ogre
 13511 | D:9      | Reached XP level 13. HP: 46/96 MP: 16/18
 14267 | Orc:2    | Entered Level 2 of the Orcish Mines
 14270 | Orc:2    | Found a roughly hewn altar of Beogh.
 15152 | Orc:2    | HP: 4/97 [sun demon[an orc high priest] (17)]
 15156 | Orc:2    | Found a staircase to the Elven Halls.
 15164 | Elf:1    | Entered Level 1 of the Elven Halls
 15453 | Elf:1    | Reached skill level 18 in Fighting
 15859 | Orc:2    | Reached ***** piety under the Shining One
 16322 | Orc:2    | Found a roughly hewn altar of Beogh.
 16722 | Orc:2    | Found Dufud's Antique Armour Emporium.
 16722 | Orc:2    | Found Pashri's Armour Emporium.
 16723 | Orc:2    | Found Leth's Antique Armour Shop.
 16723 | Orc:2    | Found Xedug's Antique Weapon Shop.
 16755 | Orc:2    | Bought a scorched helmet for 304 gold pieces
 16755 | Orc:2    | Bought a pair of ichor-stained boots for 304 gold pieces
 16760 | Orc:2    | Identified the +1 helmet of Fun and Games {rPois rCorr
                  | Dex+6} (You bought it in a shop on level 2 of the Orcish
                  | Mines)
 16770 | Orc:2    | Identified the +2 pair of boots of the Solstice {Int+2}
                  | (You bought it in a shop on level 2 of the Orcish Mines)
 17898 | Lair:3   | Reached skill level 19 in Fighting
 18272 | Lair:3   | Found a staircase to the Snake Pit.
 18530 | Lair:3   | You fall into a shaft and drop 3 floors!
 18530 | Lair:6   | Entered Level 6 of the Lair of Beasts
 18544 | Lair:6   | Gained mutation: Your large and strong wings let you fly
                  | indefinitely. [Gargoyle growth]
 18544 | Lair:6   | Reached XP level 14. HP: 100/106 MP: 19/19
 19098 | Lair:6   | Found a viscous altar of Jiyva.
 19098 | Lair:6   | Found a staircase to the Slime Pits.
 20244 | Lair:6   | Reached skill level 20 in Fighting
 20432 | Lair:6   | Noticed a dire elephant
 20432 | Lair:6   | Noticed a dire elephant
 20434 | Lair:6   | Noticed a dire elephant
 20448 | Lair:6   | HP: 2/108 [dire elephant (14)]
 20449 | Lair:6   | Demolished by a dire elephant

Illustrated notes

Levels and vault maps discovered:
D:1:      dpeg_arrival_short_road, layout_basic, minmay_tall_x
D:2:      layout_loops_ring, supply_closet_lemuel, uniq_natasha
D:3:      minmay_recursive_quarters, layout_loops_ring, minmay_misc_feat_plants,
          minmay_between
D:4:      layout_cave_pools
D:5:      layout_loops_cross, nemelex_xobeh_ov_fountains_minmay, basic_altar,
          minmay_divided_ellipse
D:6:      layout_loops_ring, uniq_maggie
D:7:      layout_loops_cross, minmay_temple_entry_mini_moons,
          minmay_increasing_density
D:8:      layout_basic
D:9:      layout_cave_pools, david_orc_2, minmay_misc_feat_pillars,
          kennysheep_generic_room_2
D:10:     layout_loops_ring, erik_lair_orcish_takeover
D:11:     layout_cave_pools, serial_shops, shop, dk_noncrumbling_3,
          kennysheep_nub, uniq_fannar, uniq_erica, uniq_urug
Temple:   compressed_dpeg_triangle_lava_temple
Lair:1:   layout_cellular_growth, enter_volcano_2, hibernation_bobbens,
          grunt_megastairs_1, uniq_harold
Lair:2:   layout_regular_city, minivault_19, serial_bayou_pond_d
Lair:3:   layout_chaotic_city, minmay_snake_entry_six_corridors
Lair:5:   cheibrodos_lair_river_kwai, layout_cave_pods, zaba_antful_of_joy
Lair:6:   due_jungle_book, layout_loops_ring, slime_altar_1,
          chequers_serial_rivers_micro_d, kennysheep_abandoned_house,
          lemuel_fruit_tree, serial_bayou_shore_a, lemuel_fruit_fields,
          lemuel_fruit_fields
Orc:1:    layout_caves
Orc:2:    st_orc_elflike, layout_diamond_mine, basic_altar,
          nicolae_orc_flooded_monolith, mines1_david
Elf:1:    layout_onion_city, serial_shops,
          nicolae_shop_temple_entry_statues_fountains, minmay_elf_annihilation,
          minivault_14, uniq_frances

Skill      XL: |  1  2  3  4  5  6  7  8  9 10 11 12 13 14 |
---------------+-------------------------------------------+-----
Fighting       | 4 5 6 7 8 10 12 15 17 19 20 | 20.0
Axes           | 2 3 4 5 6 8 9 10 11 | 11.1
Invocations    | 2 4 5 6 7 8 |  8.0
Evocations     | 1 3 4 |  4.6
Armour         | |  3.2
Shields        | |  3.2

Action                   |  1- 3 |  4- 6 |  7- 9 | 10-12 | 13-15 || total
-------------------------+-------+-------+-------+-------+-------++-------
Melee: War axe           |   108 |   200 |   135 |       |       ||   443
       Flail             |       |       |   121 |   468 |   527 ||  1116
  Use: Scroll            |       |     6 |     6 |    14 |     2 ||    28
       Potion            |       |       |     1 |     6 |     5 ||    12
 Stab: Sleeping          |       |       |     2 |       |       ||     2
Armor: Scale mail        |    65 |     4 |       |       |       ||    69
       Chain mail        |       |   123 |    83 |       |       ||   206
       Steam dragon scal |       |       |    33 |    74 |       ||   107
       Leather armour    |       |       |       |   129 |       ||   129
       Plate armour      |       |       |       |    21 |   421 ||   442
Dodge: Dodged            |    42 |    58 |    49 |   158 |   119 ||   426
Block: Kite shield       |    84 |   127 |   123 |   282 |   329 ||   945

Table legend: (Time is in decaauts)
 A = Elapsed time spent in this place.
 B = Non-inter-level travel time spent in this place.
 C = Inter-level travel time spent in this place.
 D = Time resting spent in this place.
 E = Time spent auto-exploring this place.
 F = Levels seen in this place.
 G = Mean time per level.
                   A        B        C        D        E       F      G
               +--------+--------+--------+--------+--------+-----+--------+
         Total |  20775 |  20161 |    614 |      0 |  15506 |  21 |  989.3 |
       Dungeon |  11337 |  10959 |    378 |      0 |   8541 |  11 | 1030.6 |
        Temple |     24 |     24 |      0 |      0 |      0 |   1 |   24.0 |
          Lair |   5175 |   5043 |    132 |      0 |   3943 |   5 | 1035.0 |
  Orcish Mines |   2588 |   2499 |     89 |      0 |   1771 |   2 | 1294.0 |
   Elven Halls |    535 |    521 |     14 |      0 |    431 |   1 |  535.0 |
       Volcano |   1115 |   1115 |      0 |      0 |    819 |   1 | 1115.0 |
               +--------+--------+--------+--------+--------+-----+--------+

Top non-repeatable levels by time:
     D:9: 1928 daAuts
   Orc:2: 1897 daAuts
  Lair:6: 1739 daAuts
  Lair:1: 1614 daAuts
    D:10: 1399 daAuts
 Volcano: 1115 daAuts
     D:7: 1049 daAuts
     D:3: 1034 daAuts
    D:11: 1024 daAuts
  Lair:2: 924 daAuts
     D:8: 908 daAuts
     D:1: 902 daAuts
     D:6: 878 daAuts
     D:5: 775 daAuts
     D:2: 759 daAuts
